TOP OF THE 1ST |
Nassau Rockets batting - Pitching for Orlando Calrissian : RHP Dave Heath
|
Pitching: RHP Dave Heath
|
|
Batting: LHB Doug Thompson
|
0-0: SINGLE (Groundball, 34D)
|
Batting: SHB Howard Parker
|
0-0: Called Strike 0-1: Ball Wild Pitch! Doug Thompson to second 1-1: Ground out 6-3 (Groundball, 6M) Doug Thompson to third
|
Batting: LHB Andrew Alvarado
|
0-0: Called Strike 0-1: Fly out, F5 (Popup, 25F)
|
Batting: SHB Chris Bennis
|
0-0: Ball 1-0: Called Strike 1-1: Foul Ball, location: 2F 1-2: Ground out U3 (Groundball, 3)
|
Top of the 1st over - 0 run(s), 1 hit(s), 0 error(s), 1 left on base; Nassau 0 - Orlando 0 |
BOTTOM OF THE 1ST |
Orlando Calrissian batting - Pitching for Nassau Rockets : RHP Tomás Molina
|
Pitching: RHP Tomás Molina
|
|
Batting: LHB Danny Allen
|
0-0: SOLO HOME RUN (Flyball, 8RD), Distance : 402 ft
|
Batting: RHB Frederico Hernández
|
0-0: Called Strike 0-1: Ball 1-1: Called Strike 1-2: Ground out 5-3 (Groundball, 56)
|
Batting: LHB Santiago Márquez
|
0-0: Ball 1-0: Foul Ball, location: 2F 1-1: Ball 2-1: Fly out, F7 (Flyball, 7M)
|
Batting: RHB Rich Anderson
|
0-0: Foul Ball, location: 2F 0-1: Ball 1-1: Swinging Strike 1-2: Strikes out swinging
|
Bottom of the 1st over - 1 run(s), 1 hit(s), 0 error(s), 0 left on base; Nassau 0 - Orlando 1 |
TOP OF THE 2ND |
Nassau Rockets batting - Pitching for Orlando Calrissian : RHP Dave Heath
|
Batting: LHB Phil Smith
|
0-0: Ball 1-0: Ball 2-0: Ground out 4-3 (Groundball, 4)
|
Batting: RHB José Hernández
|
0-0: DOUBLE (Groundball, 5L)
|
Batting: RHB Yaichiro Sugahara
|
0-0: Hit by Pitch
|
Batting: LHB Rafael Delgado
|
0-0: Ball 1-0: Called Strike 1-1: Ball 2-1: Foul Ball, location: 2F 2-2: Ball 3-2: Fly out, F7 (Popup, 5D)
|
Batting: RHB Pete Harvey
|
0-0: Ball 1-0: SINGLE (Groundball, 56D) José Hernández to third Yaichiro Sugahara to second Runner from 3rd tries for Home, SAFE, throw made home Yaichiro Sugahara to third Pete Harvey to second
|
Batting: LHB Doug Thompson
|
0-0: Called Strike 0-1: Ball 1-1: Ball 2-1: Ground out 4-3 (Groundball, 34D)
|
Top of the 2nd over - 1 run(s), 2 hit(s), 0 error(s), 2 left on base; Nassau 1 - Orlando 1 |
BOTTOM OF THE 2ND |
Orlando Calrissian batting - Pitching for Nassau Rockets : RHP Tomás Molina
|
Batting: RHB Ernesto Acosta
|
0-0: Ball 1-0: Called Strike 1-1: Ball 2-1: DOUBLE (Line Drive, 7LS)
|
Batting: RHB Enrique Ramírez
|
0-0: Ball 1-0: Called Strike 1-1: Ball 2-1: Foul Ball, location: 2F 2-2: Strikes out swinging
|
Batting: RHB Kenny Cole
|
0-0: Swinging Strike 0-1: Ball 1-1: Ball 2-1: Called Strike 2-2: SINGLE (Line Drive, 56D) Ernesto Acosta to third
|
Batting: RHB Enrique Bermúdez
|
0-0: Ball 1-0: Foul Ball, location: 2F 1-1: Called Strike 1-2: Strikes out swinging
|
Batting: RHB Robby Lewis
|
0-0: Called Strike 0-1: Swinging Strike 0-2: Foul Ball, location: 2F 0-2: Strikes out swinging
|
Bottom of the 2nd over - 0 run(s), 2 hit(s), 0 error(s), 2 left on base; Nassau 1 - Orlando 1 |
TOP OF THE 3RD |
Nassau Rockets batting - Pitching for Orlando Calrissian : RHP Dave Heath
|
Batting: SHB Howard Parker
|
0-0: Ball 1-0: Called Strike 1-1: Foul Ball, location: 2F 1-2: Fly out, F7 (Line Drive, 7M)
|
Batting: LHB Andrew Alvarado
|
0-0: Foul Ball, location: 2F 0-1: Ball 1-1: Swinging Strike 1-2: Ground out 3-1 (Groundball, 3)
|
Batting: SHB Chris Bennis
|
0-0: DOUBLE (Line Drive, 89D)
|
Batting: LHB Phil Smith
|
0-0: Ball 1-0: Swinging Strike 1-1: Ball 2-1: Foul Ball, location: 2F 2-2: Ball 3-2: Foul Ball, location: 2F 3-2: Base on Balls
|
Batting: RHB José Hernández
|
0-0: Called Strike 0-1: Ball 1-1: Called Strike 1-2: Ball 2-2: Strikes out swinging
|
Top of the 3rd over - 0 run(s), 1 hit(s), 0 error(s), 2 left on base; Nassau 1 - Orlando 1 |
BOTTOM OF THE 3RD |
Orlando Calrissian batting - Pitching for Nassau Rockets : RHP Tomás Molina
|
Batting: LHB Danny Allen
|
0-0: Foul Ball, location: 2F 0-1: Ball 1-1: Foul Ball, location: 2F 1-2: Ball 2-2: Ball 3-2: Foul Ball, location: 2F 3-2: Foul Ball, location: 2F 3-2: Fly out, F7 (Flyball, 78D)
|
Batting: RHB Frederico Hernández
|
0-0: Foul Ball, location: 2F 0-1: Ball 1-1: Ball 2-1: Foul Ball, location: 2F 2-2: Ball 3-2: Ground out 5-3 (Groundball, 56)
|
Batting: LHB Santiago Márquez
|
0-0: Foul Ball, location: 2F 0-1: Ball 1-1: Ball 2-1: Ball 3-1: Called Strike 3-2: Base on Balls
|
Batting: RHB Rich Anderson
|
0-0: Ball 1-0: Ball 2-0: Ball 3-0: Called Strike 3-1: Base on Balls Santiago Márquez to second
|
Batting: RHB Ernesto Acosta
|
0-0: Fly out, F7 (Flyball, 7D)
|
Bottom of the 3rd over - 0 run(s), 0 hit(s), 0 error(s), 2 left on base; Nassau 1 - Orlando 1 |
TOP OF THE 4TH |
Nassau Rockets batting - Pitching for Orlando Calrissian : RHP Dave Heath
|
Batting: RHB Yaichiro Sugahara
|
0-0: Ball 1-0: Ground out U3 (Groundball, 3L)
|
Batting: LHB Rafael Delgado
|
0-0: Fly out, F7 (Popup, 6D)
|
Batting: RHB Pete Harvey
|
0-0: Ball 1-0: SINGLE (Groundball, 4M)
|
Batting: LHB Doug Thompson
|
0-0: Foul Ball, location: 2F 0-1: Called Strike 0-2: Foul Ball, location: 2F 0-2: Strikes out swinging
|
Top of the 4th over - 0 run(s), 1 hit(s), 0 error(s), 1 left on base; Nassau 1 - Orlando 1 |
BOTTOM OF THE 4TH |
Orlando Calrissian batting - Pitching for Nassau Rockets : RHP Tomás Molina
|
Batting: RHB Enrique Ramírez
|
0-0: Ball 1-0: Ball 2-0: Foul Ball, location: 2F 2-1: Ball 3-1: Called Strike 3-2: Base on Balls
|
Batting: RHB Kenny Cole
|
0-0: Swinging Strike 0-1: Ball 1-1: DOUBLE (Line Drive, 78D) Enrique Ramírez to third Runner from 3rd tries for Home, throw and OUT!
|
Batting: RHB Enrique Bermúdez
|
0-0: Ball 1-0: Ball 2-0: Fly out, F3 (Popup, 3F)
|
Batting: RHB Robby Lewis
|
0-0: Fly out, F6 (Popup, 5DF)
|
Bottom of the 4th over - 0 run(s), 1 hit(s), 0 error(s), 1 left on base; Nassau 1 - Orlando 1 |
TOP OF THE 5TH |
Nassau Rockets batting - Pitching for Orlando Calrissian : RHP Dave Heath
|
Batting: SHB Howard Parker
|
0-0: Fly out, F8 (Flyball, 78M)
|
Batting: LHB Andrew Alvarado
|
0-0: Called Strike 0-1: Called Strike 0-2: SINGLE (Groundball, 5D)
|
Batting: SHB Chris Bennis
|
0-0: Ball 1-0: Called Strike 1-1: Ball 2-1: Called Strike 2-2: 2-RUN HOME RUN (Flyball, 8LD), Distance : 404 ft
|
Batting: LHB Phil Smith
|
0-0: Hit by Pitch
|
Batting: RHB José Hernández
|
0-0: Fly out, F9 (Flyball, 9D)
|
Batting: RHB Yaichiro Sugahara
|
0-0: Called Strike 0-1: Ball 1-1: SINGLE (Line Drive, 8RS) Phil Smith to second
|
Batting: LHB Rafael Delgado
|
0-0: Ball 1-0: Ball 2-0: Ball 3-0: Base on Balls Phil Smith to third Yaichiro Sugahara to second
|
Batting: RHB Pete Harvey
|
0-0: Ball 1-0: Ball 2-0: Ground out 4-3 (Groundball, 13)
|
Top of the 5th over - 2 run(s), 3 hit(s), 0 error(s), 3 left on base; Nassau 3 - Orlando 1 |
BOTTOM OF THE 5TH |
Orlando Calrissian batting - Pitching for Nassau Rockets : RHP Tomás Molina
|
Batting: LHB Danny Allen
|
0-0: Called Strike 0-1: Ball 1-1: Swinging Strike 1-2: Ball 2-2: Foul Ball, location: 2F 2-2: Foul Ball, location: 2F 2-2: Ball 3-2: Ground out 1-3 (Groundball, 13)
|
Batting: RHB Frederico Hernández
|
0-0: Ball 1-0: Ball 2-0: Swinging Strike 2-1: Foul Ball, location: 2F 2-2: Ground out 6-3 (Groundball, 6)
|
Batting: LHB Santiago Márquez
|
0-0: Ball 1-0: Ball 2-0: Ball 3-0: Swinging Strike 3-1: Foul Ball, location: 2F 3-2: Foul Ball, location: 2F 3-2: Base on Balls
|
Batting: RHB Rich Anderson
|
0-0: Called Strike 0-1: Ball 1-1: Ground out 5-3 (Groundball, 5L)
|
Bottom of the 5th over - 0 run(s), 0 hit(s), 0 error(s), 1 left on base; Nassau 3 - Orlando 1 |
TOP OF THE 6TH |
Nassau Rockets batting - Pitching for Orlando Calrissian : RHP Dave Heath
|
Batting: LHB Doug Thompson
|
0-0: Called Strike 0-1: Ball 1-1: Foul Ball, location: 2F 1-2: Ground out 3-1 (Groundball, 34)
|
Batting: SHB Howard Parker
|
0-0: Called Strike 0-1: Foul Ball, location: 2F 0-2: Ball 1-2: Fly out, F7 (Flyball, 78M)
|
Batting: LHB Andrew Alvarado
|
0-0: Ball 1-0: Called Strike 1-1: Ball 2-1: Fly out, F9 (Flyball, 89D)
|
Top of the 6th over - 0 run(s), 0 hit(s), 0 error(s), 0 left on base; Nassau 3 - Orlando 1 |
BOTTOM OF THE 6TH |
Orlando Calrissian batting - Pitching for Nassau Rockets : RHP Tomás Molina
|
Pitching: RHP Terry Adams
|
|
Batting: RHB Ernesto Acosta
|
0-0: Ball 1-0: Ball 2-0: Swinging Strike 2-1: Swinging Strike 2-2: Strikes out swinging
|
Batting: RHB Enrique Ramírez
|
0-0: Called Strike 0-1: Ball 1-1: Foul Ball, location: 2F 1-2: Fly out, F9 (Flyball, 89M)
|
Batting: RHB Kenny Cole
|
0-0: Foul Ball, location: 2F 0-1: Fly out, F9 (Line Drive, 9S)
|
Bottom of the 6th over - 0 run(s), 0 hit(s), 0 error(s), 0 left on base; Nassau 3 - Orlando 1 |
TOP OF THE 7TH |
Nassau Rockets batting - Pitching for Orlando Calrissian : RHP Dave Heath
|
Batting: SHB Chris Bennis
|
0-0: Called Strike 0-1: Ball 1-1: Ground out 4-3 (Groundball, 4M)
|
Batting: LHB Phil Smith
|
0-0: Ball 1-0: Ball 2-0: Ball 3-0: Swinging Strike 3-1: Base on Balls
|
Batting: RHB José Hernández
|
0-0: Hit by Pitch Phil Smith to second
|
Batting: RHB Yaichiro Sugahara
|
0-0: Called Strike 0-1: Ball 1-1: SINGLE (Line Drive, 8LS) Phil Smith to third José Hernández to second
|
Pinch Hitting: LHB Don Ramey
|
0-0: Ball 1-0: Swinging Strike 1-1: Fielders Choice at 2nd, 3-6 (Groundball, 3) Phil Smith scores José Hernández to third
|
Batting: RHB Pete Harvey
|
0-0: Ball 1-0: Ball 2-0: Called Strike 2-1: Ball 3-1: Foul Ball, location: 2F 3-2: Foul Ball, location: 2F 3-2: Foul Ball, location: 2F 3-2: Foul Ball, location: 2F 3-2: SINGLE (Groundball, 56D) José Hernández scores Don Ramey to second Don Ramey to third
|
Pitching: RHP Tony Guerrero
|
|
Batting: LHB Doug Thompson
|
0-0: Ball 1-0: Called Strike 1-1: Ball 2-1: Swinging Strike 2-2: Strikes out swinging
|
Top of the 7th over - 2 run(s), 2 hit(s), 0 error(s), 2 left on base; Nassau 5 - Orlando 1 |
BOTTOM OF THE 7TH |
Orlando Calrissian batting - Pitching for Nassau Rockets : RHP Terry Adams
|
Now in LF: Don Ramey
|
|
Batting: RHB Enrique Bermúdez
|
0-0: Foul Ball, location: 2F 0-1: Ground out 4-3 (Groundball, 4)
|
Batting: RHB Robby Lewis
|
0-0: Ground out 4-3 (Groundball, 4)
|
Batting: LHB Danny Allen
|
0-0: Ball 1-0: Foul Ball, location: 2F 1-1: SINGLE (Line Drive, 4MD)
|
Batting: RHB Frederico Hernández
|
0-0: Ball 1-0: Called Strike 1-1: Ball 2-1: Ball 3-1: Foul Ball, location: 2F 3-2: Ground out 6-3 (Groundball, 6)
|
Bottom of the 7th over - 0 run(s), 1 hit(s), 0 error(s), 1 left on base; Nassau 5 - Orlando 1 |
TOP OF THE 8TH |
Nassau Rockets batting - Pitching for Orlando Calrissian : RHP Tony Guerrero
|
Batting: SHB Howard Parker
|
0-0: Called Strike 0-1: Called Strike 0-2: Ball 1-2: Strikes out swinging
|
Batting: LHB Andrew Alvarado
|
0-0: Ball 1-0: SINGLE (Groundball, 6MD)
|
Batting: SHB Chris Bennis
|
0-0: Called Strike 0-1: Called Strike 0-2: Fly out, F2 (Popup, 2LF)
|
Batting: LHB Phil Smith
|
0-0: Ball 1-0: Called Strike 1-1: Swinging Strike 1-2: Ball Andrew Alvarado steals 2nd base 2-2: Strikes out swinging
|
Top of the 8th over - 0 run(s), 1 hit(s), 0 error(s), 1 left on base; Nassau 5 - Orlando 1 |
BOTTOM OF THE 8TH |
Orlando Calrissian batting - Pitching for Nassau Rockets : RHP Terry Adams
|
Pitching: RHP Juan Franco
|
|
Batting: LHB Santiago Márquez
|
0-0: Ball 1-0: Foul Ball, location: 2F 1-1: Swinging Strike 1-2: Foul Ball, location: 2F 1-2: Ball 2-2: Strikes out swinging
|
Batting: RHB Rich Anderson
|
0-0: Fly out, F8 (Line Drive, 8LM)
|
Batting: RHB Ernesto Acosta
|
0-0: Called Strike 0-1: Ball 1-1: SINGLE (Groundball, 4M)
|
Batting: RHB Enrique Ramírez
|
0-0: Ball 1-0: Foul Ball, location: 2F 1-1: Foul Ball, location: 2F 1-2: Ball 2-2: Ball 3-2: Ground out 6-3 (Groundball, 6)
|
Bottom of the 8th over - 0 run(s), 1 hit(s), 0 error(s), 1 left on base; Nassau 5 - Orlando 1 |
TOP OF THE 9TH |
Nassau Rockets batting - Pitching for Orlando Calrissian : RHP Tony Guerrero
|
Batting: RHB José Hernández
|
0-0: Fly out, F9 (Flyball, 89D)
|
Batting: RHB Yaichiro Sugahara
|
0-0: Called Strike 0-1: Foul Ball, location: 2F 0-2: Foul Ball, location: 2F 0-2: Fly out, F9 (Line Drive, 9D)
|
Batting: LHB Don Ramey
|
0-0: Ball 1-0: Ball 2-0: Ground out 4-3 (Groundball, 34)
|
Top of the 9th over - 0 run(s), 0 hit(s), 0 error(s), 0 left on base; Nassau 5 - Orlando 1 |
BOTTOM OF THE 9TH |
Orlando Calrissian batting - Pitching for Nassau Rockets : RHP Juan Franco
|
Batting: RHB Kenny Cole
|
0-0: Ball 1-0: Fly out, F9 (Flyball, 9M)
|
Batting: RHB Enrique Bermúdez
|
0-0: Ground out 5-3 (Groundball, 5S)
|
Batting: RHB Robby Lewis
|
0-0: SOLO HOME RUN (Flyball, 8LXD), Distance : 402 ft
|
Pitching: LHP Kai-ge Hui
|
|
Batting: LHB Danny Allen
|
0-0: Ball 1-0: Swinging Strike 1-1: Foul Ball, location: 2F 1-2: Ball 2-2: Fly out, F8 (Line Drive, 8RS)
|
Bottom of the 9th over - 1 run(s), 1 hit(s), 0 error(s), 0 left on base; Nassau 5 - Orlando 2 |
|